 Dungeon Crawl Stone Soup version 0.29-a0-338-g1ff7896281 (webtiles) character file.

Game seed: 13167743720646213831

322 zishaf the Grave Robber (level 6, 0/55 HPs)
             Began as a Deep Dwarf Necromancer on Apr 18, 2022.
             Slain by a gnoll
             ... wielding a +0 halberd
              (9 damage)
             ... on level 4 of the Dungeon.
             The game lasted 00:07:38 (4376 turns).

zishaf the Grave Robber (Deep Dwarf Necromancer)    Turns: 4376, Time: 00:07:38

Health: 0/55       AC:  4    Str: 14    XL:     6   Next: 22%
Magic:  0/9        EV: 12    Int: 15    God:
Gold:   168        SH:  0    Dex: 13    Spells: 5/9 levels left

rFire   . . .      SeeInvis .   a - +0 hunting sling
rCold   . . .      Faith    .   (no shield)
rNeg    . . .      Spirit   .   k - +0 robe
rPois   .          Reflect  .   n - +0 helmet
rElec   .          Harm     .   (no cloak)
rCorr   .          Rampage  .   (no gloves)
Will    .....                   (no boots)
Stlth   ++........              (no amulet)
HPRegen 0.00/turn               (no ring)
MPRegen 0.11/turn               (no ring)

@: no status effects
A: damage resistance, heal wounds, sense surroundings 1, no regeneration,
iridescent scales 1, deformed body, mutation resistance 1
a: Heal Wounds


You were on level 4 of the Dungeon.
You visited 1 branch of the dungeon, and saw 4 of its levels.

You collected 168 gold pieces.

Inventory:

Hand Weapons
 a - a +0 hunting sling (weapon)
 c - a +0 dagger
 d - a +0 short sword
Missiles
 l - 5 boomerangs of dispersal
Armour
 f - a +0 ring mail
 h - a +0 buckler
 k - a +0 robe (worn)
 n - a +0 helmet (worn)
Wands
 i - a wand of polymorph (14)
Scrolls
 e - 4 scrolls of identify {unknown}
 g - 2 scrolls of fear {unknown}
 j - 2 scrolls of immolation {unknown}
 m - a scroll of teleportation {unknown}
 p - a scroll of blinking {unknown}
Potions
 b - a potion of magic


   Skills:
 + Level 2.8 Fighting
 - Level 2.1 Dodging
 - Level 2.4 Stealth
 + Level 1.9 Shields
 - Level 2.0 Spellcasting
 * Level 6.9 Necromancy


You had 5 spell levels left.
You knew the following spells:

 Your Spells              Type           Power      Damage    Failure   Level
a - Pain                  Necr           88%        1d8       1%          1
b - Vampiric Draining     Necr           22%        2d7       3%          3

Your spell library contained the following spells:

 Spells                   Type           Power      Damage    Failure   Level
 Animate Skeleton         Necr           44%        N/A       1%          1
 Animate Dead             Necr           11%        N/A       13%         4
 Agony                    Necr           22%        N/A       34%         5
 Tukima's Dance           Hex            1%         N/A       54%         3
 Passage of Golubria      Tloc           1%         N/A       91%         4
 Yara's Violent Unravell  Hex/Tmut       0%         3d3       99%         5


Dungeon Overview and Level Annotations

Branches:
Dungeon (4/15)
 Temple: D:4-7

Altars:
Ashenzari
Kikubaaqudgha
Ru

Shops:
D:3 [


Innate Abilities, Weirdness & Mutations

You are resistant to damage.
You can heal yourself by infusing magical energy.
You passively map a small area around you.
You do not regenerate.
You are partially covered in iridescent scales. (AC +2)
Armour fits poorly on your strangely shaped body.
You are somewhat resistant to further mutation.


Message History

The gnoll hits you from afar with a +0 halberd!
You climb upwards.
There is a stone staircase leading down here.
You start resting.
Magic restored.
There is a stone staircase leading down here.
You climb downwards.
There is a stone staircase leading up, spattered with blood here.
The gnoll closely misses you.
Casting: Vampiric Draining (dangerous; 3% risk of failure)
Confirm with . or Enter, or press ? or * to list all spells.
Aiming: Vampiric Draining (dangerous; 3% risk of failure)
Press: ? - help, Shift-Dir - straight line, f - gnoll
Aim: a gnoll, wielding a +0 spear You draw life force from the gnoll.
You feel life coursing into your body. The gnoll closely misses you.
Casting: Vampiric Draining (dangerous; 3% risk of failure)
Confirm with . or Enter, or press ? or * to list all spells.
Aiming: Vampiric Draining (dangerous; 3% risk of failure)
Press: ? - help, Shift-Dir - straight line, f/p - gnoll
Aim: a gnoll, wielding a +0 spear (moderately wounded)
You draw life force from the gnoll.
You feel life coursing into your body. The gnoll hits you with a +0 spear.
The gnoll hits you from afar with a +0 halberd!
* * * LOW HITPOINT WARNING * * *
The gnoll barely misses you.
There is a stone staircase leading up, spattered with blood here.
Casting: Vampiric Draining (dangerous; 3% risk of failure)
Confirm with . or Enter, or press ? or * to list all spells.
Aiming: Vampiric Draining (dangerous; 3% risk of failure)
Press: ? - help, Shift-Dir - straight line, f/p - gnoll
Aim: a gnoll, wielding a +0 spear (heavily wounded)
You draw life force from the gnoll.
You feel life coursing into your body. The gnoll hits you with a +0 spear.
* * * LOW HITPOINT WARNING * * *
The gnoll hits you from afar with a +0 halberd.
* * * LOW HITPOINT WARNING * * *
The gnoll closely misses you.
The gnoll hits you from afar with a +0 halberd!
You die...

## ## #.# #.## ### ### #.# #..#
#.# #.# #.### #..## #.# # ##.##
#.@## #...# #.# .#####...# ##.g#
##...####.. #.#...##.## ###g.##
#....#.....
#..######.####.....####..........
#.## #..........##............
#.# ##...............#####...
..### #.....#####....## ##..
....######..#### ##..(.## #..
#..g.g......# ##..[.## #..


You could see 2 gnolls.

Vanquished Creatures
  A phantom (D:4)
  A hound (D:4)
  A jelly (D:4)
  An orc wizard (D:3)
  An iguana (D:4)
  A gnoll (D:4)
  6 adders
  A worm (D:3)
  4 dart slugs
  5 orcs
  8 endoplasms
  A giant cockroach (D:2)
  5 hobgoblins
  3 quokkas
  5 ball pythons
  4 bats
  2 frilled lizards
  4 goblins
  7 kobolds
  4 rats
65 creatures vanquished.

Notes
Turn   | Place    | Note
-------+----------+-------------------------------------------
     0 | D:1      | zishaf the Deep Dwarf Necromancer began the quest for the
                  | Orb.
     0 | D:1      | Reached XP level 1. HP: 15/15 MP: 3/3
     5 | D:1      | Noticed a troll
     7 | D:1      | Noticed a ghoul
     8 | D:1      | Noticed an ogre
    12 | D:1      | Noticed a gargoyle
    14 | D:1      | Noticed a spriggan
    16 | D:1      | Noticed a minotaur skeleton
    18 | D:1      | Noticed a tengu
   312 | D:1      | Reached XP level 2. HP: 22/24 MP: 2/4
  1125 | D:2      | Reached skill level 1 in Fighting
  1125 | D:2      | Reached skill level 5 in Necromancy
  1125 | D:2      | Reached XP level 3. HP: 23/31 MP: 1/6
  1131 | D:1      | Learned a level 3 spell: Vampiric Draining
  1679 | D:2      | Reached XP level 4. HP: 30/38 MP: 3/7
  2347 | D:3      | Found a faded altar of an unknown god.
  2559 | D:3      | Found a sacrificial altar of Ru.
  2792 | D:3      | Reached skill level 6 in Necromancy
  3110 | D:3      | Found a broken altar of Ashenzari.
  3111 | D:3      | Found an ancient bone altar of Kikubaaqudgha.
  3139 | D:3      | Found Bucleadu's Armour Shop.
  3391 | D:4      | Reached XP level 5. HP: 37/45 MP: 0/8
  3466 | D:4      | Reached skill level 1 in Shields
  4082 | D:4      | Noticed a phantom
  4087 | D:4      | Gained mutation: You are partially covered in iridescent
                  | scales. (AC +2) [potion of mutation]
  4087 | D:4      | Gained mutation: You are somewhat resistant to further
                  | mutation. [potion of mutation]
  4087 | D:4      | Gained mutation: Armour fits poorly on your strangely
                  | shaped body. [potion of mutation]
  4117 | D:4      | Killed a phantom
  4118 | D:4      | Reached XP level 6. HP: 36/55 MP: 9/9
  4376 | D:4      | Slain by a gnoll

Illustrated notes

Levels and vault maps discovered:
D:1:      shiori_arrival_whats_in_store_for_you, layout_basic
D:2:      layout_basic
D:3:      layout_rooms, nicolae_overflow_hidden_temple,
          gammafunk_temple_overflow_pools, serial_shops, shop,
          basic_ecumenical_altar, supply_closet_lemuel, kennysheep_minor_cross,
          amcnicky_mini_pool_small
D:4:      layout_layer_cave, nrook_mini_backslash, uniq_menkaure

Skill      XL: |  1  2  3  4  5 |
---------------+----------------+-----
Spellcasting   | 2 |  2.0
Fighting       | 1 2 |  2.8
Necromancy     | 5 6 |  6.9
Shields        | 1 |  1.9
Dodging        | |  2.1
Stealth        | |  2.4

Action                   |  1- 3 |  4- 6 || total
-------------------------+-------+-------++-------
Melee: Short sword       |     7 |    56 ||    63
       Punch             |       |     1 ||     1
 Fire: Hunting sling     |       |    31 ||    31
 Cast: Pain              |    63 |    46 ||   109
       Vampiric Draining |     2 |    25 ||    27
  Use: Potion            |       |     4 ||     4
Armor: Robe              |    12 |    17 ||    29
Dodge: Dodged            |    18 |    66 ||    84

Table legend: (Time is in decaauts)
 A = Elapsed time spent in this place.
 B = Non-inter-level travel time spent in this place.
 C = Inter-level travel time spent in this place.
 D = Time resting spent in this place.
 E = Time spent auto-exploring this place.
 F = Levels seen in this place.
 G = Mean time per level.
                   A        B        C        D        E       F      G
               +--------+--------+--------+--------+--------+-----+--------+
         Total |   4397 |   4281 |    116 |    657 |   2914 |   4 | 1099.2 |
       Dungeon |   4397 |   4281 |    116 |    657 |   2914 |   4 | 1099.2 |
               +--------+--------+--------+--------+--------+-----+--------+

Top non-repeatable levels by time:
     D:2: 1278 daAuts
     D:1: 1166 daAuts
     D:3: 1123 daAuts
     D:4: 829 daAuts
